 Dungeon Crawl Stone Soup version 0.20.1-1-g8b1a95d (webtiles) character file.

948 namelastname112 the Skirmisher (level 7, -9/60 HPs)
             Began as a Black Draconian Wanderer on July 30, 2017.
             Was an Initiate of Nemelex Xobeh.
             Mangled by sakaponlag's ghost (22 damage)
             ... on level 6 of the Dungeon.
             The game lasted 00:09:26 (4930 turns).

namelastname112 the Skirmisher (DrWn)               Turns: 4930, Time: 00:09:26

Health: -9/60      AC:  7    Str: 10    XL:     7   Next: 89%
Magic:  5/11       EV: 13    Int: 17    God:    Nemelex Xobeh [......]
Gold:   371        SH:  0    Dex: 12    Spells: 3/11 levels left

rFire    . . .     SeeInvis .   p - +1 dagger (venom)
rCold    . . .     Gourm    .   (no shield)
rNeg     . . .     Faith    .   (armour unavailable)
rPois    .         Spirit   .   t - +0 hat
rElec    +         Reflect  .   (no cloak)
rCorr    .         Harm     .   z - +0 pair of gloves
MR       .....                  (no boots)
Stlth    ++........             E - amulet of magic regeneration
Regen    0.2/turn               w - ring of flight
MPRegen  0.2/turn               (no ring)

@: slowed, very slow
A: breathe lightning, unfitting armour, electricity resistance, cold-blooded, AC
+6
a: Breathe Lightning, Renounce Religion, Evoke Flight


You were on level 6 of the Dungeon.
You worshipped Nemelex Xobeh.
Nemelex Xobeh was noncommittal.
You were not hungry.

You visited 1 branch of the dungeon, and saw 6 of its levels.

You collected 371 gold pieces.

Inventory:

Hand Weapons
 b - a +0 hand crossbow
 p - a +1 dagger of venom (weapon)
Missiles
 c - 66 bolts
 y - 3 needles of sleeping
Armour
 n - a -1 pair of boots
 t - a +0 hat (worn)
 z - a +0 pair of gloves (worn)
Jewellery
 w - a ring of flight (left hand)
 E - an amulet of magic regeneration (around neck)
Wands
 d - a wand of random effects (14/48)
 g - a wand of enslavement (11/24)
 C - a wand of random effects (26/48)
Scrolls
 e - 2 scrolls of teleportation
 i - 2 scrolls of remove curse
 k - 2 scrolls of immolation {unknown}
 l - 2 scrolls of enchant weapon {unknown}
 o - 4 scrolls of identify {unknown}
 s - a scroll of enchant armour {unknown}
 u - 2 scrolls of amnesia {unknown}
Potions
 h - a potion of curing
 q - a potion of mutation {unknown}
 r - 3 potions of heal wounds {unknown}
 v - a potion of agility {unknown}
 x - a potion of flight {unknown}
 A - a potion of magic {unknown}
 B - 2 potions of cancellation {unknown}
Books
 a - a book of Maledictions

   Spells                             Type                      Level
   a - Corona                         Hexes                        1
   b - Ensorcelled Hibernation        Hexes/Ice                    2
   c - Confuse                        Hexes                        3
   d - Tukima's Dance                 Hexes                        3
   e - Dazzling Spray                 Conjuration/Hexes            3
Miscellaneous
 D - a plain deck of destruction {drawn: 1}
Comestibles
 f - 5 bread rations
 j - 9 fruits
 m - 2 meat rations


   Skills:
 + Level 4.6 Fighting
 * Level 4.2 Short Blades
   Level 1.7 Bows
 - Level 1.0 Throwing
 + Level 2.6 Dodging
 * Level 3.3 Stealth
 + Level 2.7 Spellcasting
 * Level 4.0 Hexes
   Level 1.0 Fire Magic
 - Level 1.0 Evocations


You had 3 spell levels left.
You knew the following spells:

 Your Spells              Type           Power        Failure   Level  Hunger
d - Tukima's Dance        Hex            ###.....     10%         3    ###....
x - Confuse               Hex            ###.....     10%         3    ###....
z - Ensorcelled Hibernat  Hex/Ice        #.....       12%         2    ##.....


Dungeon Overview and Level Annotations

Branches:
Dungeon (6/15)
 Temple: D:4-7

Altars:
Ashenzari
Dithmenos
Elyvilon
Fedhas
Gozag
Nemelex Xobeh
Yredelemnul

Annotations:
D:6 sakaponlag's ghost, novice MiBe


Innate Abilities, Weirdness & Mutations

You can breathe wild blasts of lightning.
Your glossy black scales are hard. (AC +6)
You cannot fit into any form of body armour.
You are resistant to electric shocks. (rElec)
You are cold-blooded and may be slowed by cold attacks.


Message History

Sakaponlag's ghost is moderately damaged.
You catch the helpless sakaponlag's ghost completely off-guard!
You puncture sakaponlag's ghost!
Sakaponlag's ghost is moderately damaged.
Sakaponlag's ghost seems less confused.
Sakaponlag's ghost hits you!!
You feel yourself slow down. Sakaponlag's ghost freezes you!
You hit sakaponlag's ghost but do no damage.
Sakaponlag's ghost is moderately damaged.
Sakaponlag's ghost barely misses you.
You hit sakaponlag's ghost but do no damage.
You tail-slap sakaponlag's ghost, but do no damage.
Sakaponlag's ghost is moderately damaged.
You feel yourself speed up.
Sakaponlag's ghost wails, "You will never get the ORB!"
Sakaponlag's ghost hits you!
You feel yourself slow down. Sakaponlag's ghost freezes you!
* * * LOW HITPOINT WARNING * * *
Sakaponlag's ghost hits you!!
You die...
Your body disappears without a glow.

#.##.#.........Z.....#
#.#.
#.##.#....###.#####..#
#.#. #.#.......###.#
##..### #.##
##.#..#.#......#
#.....# #.##
#..>....##.#####
#...#.# #...
#.##.......#
######...#.### ####
#.##.##.####
#..........<.#
#.##....#
###.####.###.#.####
#.####..#
#...@W##..........#
#.####..#
#.....##.....#..#.#
#.......#
#.....###.#.##..#.#
######.## #.....#
#.#.....#.# #..#.#
#.....# #.#..##.#.#
#.#.## #######
#.#..##.#.# #.###
#.........# #p########
####.###### #...p....#
#.#


You could see sakaponlag's ghost.

Vanquished Creatures
  Pikel (D:6)
  A slave (D:6)
  A howler monkey (D:5)
  2 orc priests
  A gnoll shaman (D:4)
  3 orc wizards
  A worker ant (D:4)
  Natasha (thrice) (D:4)
  A hound zombie (D:5)
  A hound skeleton (D:6)
  2 worker ant zombies (D:5)
  7 gnolls
  3 adders
  A worm (D:2)
  3 dart slugs (D:1)
  4 leopard geckos
  9 orcs
  3 giant cockroaches
  9 goblins
  12 hobgoblins
  2 jackals (D:2)
  A quokka (D:5)
  5 bats
  2 frilled lizards
  8 kobolds
  A leopard gecko skeleton (D:6)
  9 rats
96 creatures vanquished.

Notes
Turn   | Place    | Note
-------+----------+-------------------------------------------
     0 | D:1      | namelastname112 the Draconian Wanderer began the quest for the Orb.
     0 | D:1      | namelastname112 set off with: a book of Maledictions, a +0 hand crossbow, 25 bolts, a wand of random effects (15/48), a bread ration
     0 | D:1      | Reached XP level 1. HP: 19/19 MP: 2/2
   126 | D:1      | Found a shattered altar of Ashenzari.
   289 | D:1      | Reached skill level 1 in Dodging
   289 | D:1      | Reached XP level 2. HP: 26/26 MP: 3/3
   293 | D:1      | Learned a level 2 spell: Ensorcelled Hibernation
  1174 | D:2      | Reached skill level 1 in Short Blades
  1200 | D:2      | Reached XP level 3. HP: 33/33 MP: 4/4
  1255 | D:2      | You fall through a shaft for 2 floors!
  1299 | D:4      | Reached skill level 1 in Stealth
  1299 | D:4      | Reached XP level 4. HP: 13/40 MP: 6/6
  1604 | D:3      | Reached XP level 5. HP: 26/46 MP: 7/7
  2829 | D:4      | Found a sparkling altar of Nemelex Xobeh.
  2830 | D:4      | Found an opulent altar of Gozag.
  2849 | D:4      | Reached XP level 6. HP: 12/52 MP: 8/8
  3120 | D:4      | Found a shadowy altar of Dithmenos.
  3122 | D:4      | Found a white marble altar of Elyvilon.
  3158 | D:4      | Found a blossoming altar of Fedhas.
  3176 | D:4      | Found a basalt altar of Yredelemnul.
  3198 | D:4      | Noticed Natasha
  3208 | D:4      | Killed Natasha
  3307 | D:4      | Noticed Natasha
  3321 | D:4      | Killed Natasha
  3508 | D:4      | Noticed Natasha
  3521 | D:4      | Killed Natasha
  3717 | D:4      | Learned a level 3 spell: Confuse
  3721 | D:4      | Learned a level 3 spell: Tukima's Dance
  3775 | D:5      | Entered Level 5 of the Dungeon
  4093 | D:5      | Your scales start taking on a glossy black colour.
  4093 | D:5      | Reached XP level 7. HP: 32/59 MP: 6/10
  4093 | D:5      | Gained mutation: You are resistant to electric shocks. (rElec) [Black Draconian growth]
  4503 | D:4      | Became a worshipper of Nemelex Xobeh the Trickster
  4536 | D:6      | Received a gift from Nemelex Xobeh
  4558 | D:6      | Noticed sakaponlag's ghost (novice MiBe)
  4833 | D:6      | Noticed Pikel
  4841 | D:6      | Killed Pikel
  4930 | D:6      | Mangled by sakaponlag's ghost

Skill      XL: |  1  2  3  4  5  6  7 |
---------------+----------------------+-----
Dodging        | 1 2 |  2.6
Short Blades   | 1 2 3 4 |  4.2
Stealth        | 1 2 3 |  3.3
Hexes          | 2 3 4 |  4.0
Fighting       | 4 |  4.6
Spellcasting   | 2 |  2.7
Bows           | |  1.7
Throwing       | |  1.0
Fire Magic     | |  1.0
Evocations     | |  1.0

Action                   |  1- 3 |  4- 6 |  7- 9 || total
-------------------------+-------+-------+-------++-------
Melee: Dagger            |     5 |   248 |    37 ||   290
       Tailslap          |     2 |    25 |    10 ||    37
 Fire: Hand crossbow     |    66 |       |       ||    66
 Cast: Confuse           |       |     3 |     3 ||     6
 Abil: Breathe Lightning |       |       |     2 ||     2
Evoke: Wand              |     1 |       |       ||     1
       Deck              |       |       |     1 ||     1
  Use: Scroll            |       |     2 |       ||     2
       Potion            |       |     1 |       ||     1
 Stab: Paralysed         |     3 |       |       ||     3
       Confused          |       |     1 |     2 ||     3
       Sleeping          |       |     1 |       ||     1
  Eat: Chunk             |     1 |     7 |     1 ||     9
       Royal jelly       |       |     1 |       ||     1
       Meat ration       |       |       |     1 ||     1
Armor: Skin              |     3 |    74 |     4 ||    81
Dodge: Dodged            |    15 |   123 |    20 ||   158
